 Dungeon Crawl Stone Soup version 0.26.1-11-gd32895ea62 (webtiles) character file.

Game seed: 17323170430854560058

6888 diana the Fighter (level 10, -3/88 HPs)
             Began as a Demonspawn Gladiator on Apr 13, 2021.
             Was an Elder of Okawaru.
             Slain by a black mamba (17 damage)
             ... on level 1 of the Lair of Beasts.
             The game lasted 00:21:43 (16523 turns).

diana the Fighter (Demonspawn Gladiator)           Turns: 16523, Time: 00:21:44

Health: -3/88      AC: 10    Str: 17    XL:     10   Next: 79%
Magic:  10/10      EV: 12    Int: 11    God:    Okawaru [****..]
Gold:   658        SH:  0    Dex: 14    Spells: 9/9 levels left

rFire    + . .     SeeInvis .   H - +0 scimitar
rCold    + . .     Faith    .   f - +0 buckler
rNeg     . . .     Spirit   .   u - +1 leather armour {rC+}
rPois    .         Reflect  .   D - +1 helmet
rElec    .         Harm     .   (no cloak)
rCorr    .         Rampage  .   G - +0 pair of gloves
Will     .....                  (no boots)
Stlth    ..........             (no amulet)
HPRegen  0.24/turn              (no ring)
MPRegen  0.12/turn              (no ring)

@: confused
A: hooves 2, slimy green scales 1, fire resistance 1, powered by death 2
a: Renounce Religion, Heroism


You were on level 1 of the Lair of Beasts.
You worshipped Okawaru.
Okawaru was greatly pleased with you.
You visited 3 branches of the dungeon, and saw 13 of its levels.

You collected 658 gold pieces.

Inventory:

Hand Weapons
 H - a +0 scimitar (weapon)
Missiles
 d - 4 throwing nets (quivered)
Armour
 f - a +0 buckler (worn)
 u - a +1 leather armour of cold resistance (worn)
 D - a +1 helmet (worn)
 G - a +0 pair of gloves (worn)
Wands
 a - a wand of acid (7)
 c - a wand of iceblast (8)
 y - a wand of enslavement (3)
 E - a wand of flame (7)
 F - a wand of polymorph (10)
 J - a wand of digging (5)
Scrolls
 h - 4 scrolls of enchant weapon
 i - 5 scrolls of remove curse
 j - 4 scrolls of identify
 l - 3 scrolls of fear {unknown}
 m - 3 scrolls of fog {unknown}
 n - 5 scrolls of teleportation
 p - 2 scrolls of amnesia {unknown}
 q - 5 scrolls of noise {unknown}
 r - 2 scrolls of enchant armour
 x - a scroll of silence {unknown}
 C - a scroll of torment {unknown}
 I - a scroll of blinking {unknown}
Potions
 b - a potion of brilliance {unknown}
 e - 2 potions of flight
 g - 2 potions of haste
 k - 3 potions of attraction
 o - a potion of resistance {unknown}
 s - a potion of curing {unknown}
 t - a potion of might {unknown}
 v - a potion of heal wounds {unknown}
 w - a potion of ambrosia
 z - a potion of degeneration {unknown}
 A - 2 potions of mutation {unknown}
 B - a potion of magic {unknown}


   Skills:
 * Level 11.3 Fighting
 + Level 7.8 Long Blades
 - Level 1.7 Throwing
 - Level 7.2 Armour
 - Level 2.6 Dodging
 - Level 4.0 Shields
 + Level 0.0 Invocations


You had 9 spell levels left.
You didn't know any spells.
Your spell library contained the following spells:

 Spells                   Type           Power        Failure   Level
 Summon Small Mammal      Summ           0%           38%         1
 Call Imp                 Summ           0%           52%         2
 Call Canine Familiar     Summ           0%           77%         3
 Confusing Touch          Hex            0%           77%         3
 Gell's Gravitas          Tloc           0%           77%         3
 Summon Guardian Golem    Hex/Summ       0%           77%         3
 Petrify                  Tmut/Erth      0%           99%         4
 Summon Ice Beast         Ice/Summ       0%           99%         4
 Summon Lightning Spire   Summ/Air       0%           99%         4
 Metabolic Englaciation   Hex/Ice        0%           100%        5
 Yara's Violent Unravell  Hex/Tmut       0%           100%        5


Dungeon Overview and Level Annotations

Branches:
Dungeon (11/15)            Temple (1/1) D:5            Lair (1/6) D:8
    Orc: D:9-12

Altars:
Ashenzari
Cheibriados
Dithmenos
Elyvilon
Fedhas
Gozag
Hepliaklqana
Kikubaaqudgha
Makhleb
Nemelex Xobeh
Okawaru
Qazlal
Ru
Sif Muna
Trog
Uskayaw
Vehumet
Wu Jian
Xom
Yredelemnul
Zin
The Shining One

Shops:
D:5 (

Annotations:
D:3 3 runed translucent doors, IHuginn's ghost, amateur SpBr
D:4 2 runed translucent doors, Crazy Yiuf; Darold's ghost, novice DrTm
D:6 exclusion: statue


Innate Abilities, Weirdness & Mutations

You have hoof-like feet.
You are partially covered in slimy green scales. (AC +2)
Your flesh is heat resistant. (rF+)
You regenerate health from kills.


Message History

You throw a throwing net.
The throwing net hits the komodo dragon.
The komodo dragon is caught in the net!
The komodo dragon is heavily wounded.
The komodo dragon struggles against the net.
Unknown command.
As you read the scroll of teleportation, it crumbles to dust.
You feel strangely unstable.
The komodo dragon struggles against the net.
The komodo dragon struggles against the net.
Your surroundings suddenly seem different.
You start resting.
A black mamba comes into view.
Found a rapier.
Unknown command.
It was a potion of ambrosia.
You are confused.
You feel invigorated. The black mamba bites you!
You die...

.##.... .......
..# ....... ...#
.....### ..#..
......##.....
#...........
#...........
#.S.......
###@......)
#..........
................
......##........
....## ##.......
... ....... ..
....... .
#...... #....


You could see a black mamba.

Vanquished Creatures
  2 trolls
  8 yaks
  2 basilisks (D:8)
  2 wyverns
  Grum (D:10)
  Duvessa (D:7)
  4 water moccasins
  3 hell hounds (D:10)
  A hornet zombie (D:10)
  A sky beast (D:8)
  4 ogres
  2 wolves (D:10)
  7 centaurs
  A big kobold (D:7)
  3 bullfrogs
  Dowan (D:7)
  2 scorpions
  11 wights
  2 howler monkeys
  2 bullfrog zombies (D:5)
  A centaur zombie (D:7)
  6 orc priests
  3 hounds
  2 jellies
  A centaur skeleton (D:5)
  A bullfrog skeleton (D:7)
  A gnoll shaman (D:10)
  7 orc wizards
  Natasha (D:2)
  5 iguanas
  8 worker ants
  A killer bee zombie (D:5)
  A hound zombie (D:5)
  2 hound skeletons
  A howler monkey zombie (D:10)
  2 worker ant zombies
  9 gnolls
  11 adders
  A river rat (D:4)
  4 shadow imps
  3 white imps
  3 ufetubi
  3 oozes
  An adder skeleton (D:9)
  An adder zombie (D:8)
  4 worms
  2 dart slugs
  9 leopard geckos
  27 orcs
  11 giant cockroaches
  12 hobgoblins
  11 jackals
  9 quokkas
  3 ball pythons
  6 bats
  4 frilled lizards
  15 goblins
  11 kobolds
  11 rats
274 creatures vanquished.

Vanquished Creatures (others)
  A bush (D:8)
  4 fungi (D:8)
  19 plants (D:8)
24 creatures vanquished.

Grand Total: 298 creatures vanquished

Notes
Turn   | Place    | Note
-------+----------+-------------------------------------------
     0 | D:1      | diana the Demonspawn Gladiator began the quest for the Orb.
     0 | D:1      | Reached XP level 1. HP: 16/16 MP: 1/1
   375 | D:1      | Gained mutation: You have large cloven feet. [demonic
                  | ancestry]
   375 | D:1      | Reached XP level 2. HP: 23/23 MP: 2/2
  1263 | D:2      | Gained mutation: Your flesh is heat resistant. (rF+)
                  | [demonic ancestry]
  1263 | D:2      | Reached XP level 3. HP: 17/28 MP: 3/3
  1526 | D:2      | Reached skill level 1 in Armour
  1527 | D:2      | Reached skill level 1 in Shields
  1610 | D:2      | Noticed a +0 hand axe
  1611 | D:2      | Noticed a -3 hand axe
  1612 | D:2      | Found a hide-covered altar of Uskayaw.
  1837 | D:2      | Reached skill level 3 in Fighting
  2132 | D:2      | Reached XP level 4. HP: 24/35 MP: 4/4
  2329 | D:2      | Noticed Natasha
  2335 | D:2      | Killed Natasha
  2748 | D:3      | Gained mutation: You regenerate a little health from kills.
                  | [demonic ancestry]
  2748 | D:3      | Reached XP level 5. HP: 40/41 MP: 5/5
  3030 | D:3      | Found a runed translucent gate.
  3030 | D:3      | Found a runed translucent gate.
  3030 | D:3      | Found a runed translucent gate.
  3042 | D:3      | Noticed IHuginn's ghost (amateur SpBr)
  3109 | D:3      | Found a white marble altar of Elyvilon.
  3549 | D:3      | Found an opulent altar of Gozag.
  3559 | D:3      | Found a bloodstained altar of Trog.
  3562 | D:3      | Found a sparkling altar of Nemelex Xobeh.
  3565 | D:3      | Found an ornate altar of the Wu Jian Council.
  4029 | D:4      | Found a runed translucent door.
  4030 | D:4      | Noticed Crazy Yiuf
  4258 | D:4      | Reached skill level 4 in Fighting
  4344 | D:4      | Found a runed translucent door.
  4462 | D:4      | Noticed Darold's ghost (novice DrTm)
  4522 | D:4      | Gained mutation: You are partially covered in slimy green
                  | scales. (AC +2) [demonic ancestry]
  4522 | D:4      | Reached XP level 6. HP: 40/48 MP: 6/6
  4941 | D:4      | Found a runed translucent door.
  5136 | D:5      | Entered Level 5 of the Dungeon
  5570 | D:5      | Gained mutation: You regenerate health from kills. [demonic
                  | ancestry]
  5570 | D:5      | Reached XP level 7. HP: 41/55 MP: 7/7
  5871 | D:5      | Found Micimat's Antique Weapon Shop.
  5918 | D:5      | Found a stormy altar of Qazlal.
  6063 | D:5      | Reached skill level 5 in Fighting
  6210 | D:5      | Found a staircase to the Ecumenical Temple.
  6226 | Temple   | Entered the Ecumenical Temple
  6487 | Temple   | Became a worshipper of Warmaster Okawaru
  7185 | D:6      | Found a radiant altar of Vehumet.
  7227 | D:6      | Reached skill level 6 in Fighting
  7227 | D:6      | Reached XP level 8. HP: 48/64 MP: 8/8
  7304 | D:6      | Found a blossoming altar of Fedhas.
  7627 | D:6      | Found a glowing golden altar of the Shining One.
  8227 | D:7      | Reached skill level 5 in Long Blades
  8311 | D:7      | Noticed Dowan
  8313 | D:7      | Noticed Duvessa
  8361 | D:7      | Killed Duvessa
  8362 | D:7      | Reached skill level 7 in Fighting
  8370 | D:7      | Killed Dowan
  8492 | D:7      | Reached * piety under Okawaru
  9221 | D:7      | Gained mutation: You have hoof-like feet. [demonic
                  | ancestry]
  9221 | D:7      | Reached XP level 9. HP: 63/70 MP: 9/9
  9349 | D:7      | Reached skill level 8 in Fighting
  9530 | D:7      | Reached skill level 5 in Armour
 10270 | D:8      | Reached ** piety under Okawaru
 10271 | D:8      | Reached skill level 9 in Fighting
 10928 | D:8      | Found a burning altar of Makhleb.
 11056 | D:8      | Found a glowing golden altar of the Shining One.
 11488 | D:7      | Reached XP level 10. HP: 25/85 MP: 10/10
 11509 | D:7      | Reached skill level 10 in Fighting
 12006 | D:8      | Found a staircase to the Lair.
 12052 | D:8      | Found a basalt altar of Yredelemnul.
 12054 | D:8      | Noticed a profane servitor
 12372 | D:8      | Noticed an angel
 12796 | D:8      | Reached *** piety under Okawaru
 13980 | D:10     | Entered Level 10 of the Dungeon
 14899 | D:10     | Reached skill level 11 in Fighting
 15166 | D:10     | Noticed Grum
 15186 | D:10     | Killed Grum
 15192 | D:10     | Reached **** piety under Okawaru
 15973 | D:10     | Noticed a hell knight
 15973 | D:10     | Noticed a hell knight
 15974 | D:10     | Noticed a hell knight
 15976 | D:10     | Noticed a necromancer
 15976 | D:10     | Noticed a hell knight
 15978 | D:10     | Noticed a necromancer
 15981 | D:10     | Noticed a hell knight
 16411 | D:11     | Noticed a five-headed hydra
 16488 | Lair:1   | Entered Level 1 of the Lair of Beasts
 16509 | Lair:1   | HP: 3/88 [komodo dragon (23)]
 16519 | Lair:1   | Noticed a black mamba
 16523 | Lair:1   | Slain by a black mamba

Illustrated notes

Levels and vault maps discovered:
D:1:      shiori_shiawase, layout_basic
D:2:      layout_loops_ring, dancing_weapons_uskayaw, uniq_natasha
D:3:      layout_basic, grunt_temple_overflow_cloverleaf,
          overflow_temple_1_default, gammafunk_ghost_split
D:4:      layout_gridville, ebering_ghost_sewer_f, uniq_crazy_yiuf_cottage
D:5:      layout_basic, nicolae_qazlal_eye_of_the_storm,
          minmay_temple_entry_stoned_glass, serial_shops, shop,
          minmay_misc_feat_iff, sigmund_army
D:6:      layout_basic, fedhas_altar_4, vehumet_statue, tso_altar
D:7:      layout_loops_ring, uniq_duvessa
D:8:      layout_cave_pools, grunt_temple_overflow_holy_war, lemuel_round_altar,
          minmay_lair_entry_grove, minmay_misc_feat_diagonals
D:9:      layout_irregular_city, grunt_ministairs_2
D:10:     layout_loops_ring, minmay_rotating_lava, uniq_grum
D:11:     layout_small_grid
Temple:   dpeg_chambers_temple
Lair:1:   layout_cave_pods, grunt_megastairs_3, infiniplex_staircase_pool_2

Skill      XL: |  1  2  3  4  5  6  7  8  9 10 |
---------------+-------------------------------+-----
Long Blades    | 3 4 5 6 7 |  7.8
Armour         | 1 2 3 4 6 7 |  7.2
Shields        | 1 2 3 4 |  4.0
Fighting       | 3 4 6 7 9 11 | 11.3
Throwing       | |  1.7
Dodging        | |  2.6

Action                   |  1- 3 |  4- 6 |  7- 9 | 10-12 || total
-------------------------+-------+-------+-------+-------++-------
Melee: Long sword        |   141 |   170 |   516 |   142 ||   969
       Kick              |    30 |    56 |   185 |   129 ||   400
       Scimitar          |       |       |       |   170 ||   170
Throw: Throwing net      |       |       |       |     1 ||     1
Invok: Heroism           |       |       |       |     1 ||     1
  Use: Scroll            |       |       |     9 |     1 ||    10
       Potion            |       |       |     2 |     5 ||     7
 Stab: Distracted        |       |       |     1 |       ||     1
Armor: Leather armour    |    29 |    55 |   134 |    91 ||   309
       Skin              |       |       |    28 |       ||    28
Dodge: Dodged            |    78 |   105 |   331 |   212 ||   726
Block: Buckler           |    21 |    30 |   121 |    63 ||   235
       Rpst.: Long sword |    25 |    30 |   102 |    27 ||   184
       Scimitar          |       |       |       |    24 ||    24
